[Event "Romanian-ch Youth Girls U20 2024"]
[Site "Eforie Nord"]
[Date "2024.04.17"]
[Round "6.2"]
[White "Obada, Ema"]
[Black "Marin, Alexia-Iuliana"]
[Result "1-0"]
[ECO "C41"]
[WhiteElo "1992"]
[BlackElo "1573"]
[Annotator "TA"]
[PlyCount "66"]
[EventDate "2024.04.10"]
[EventType "swiss"]
[EventCountry "ROU"]
[SourceTitle "playchess.com"]
[Source "ChessBase"]
[SourceQuality "1"]
[TimeControl "5400+30"]

1. e4 e5 2. Nf3 d6 3. d4 exd4 4. Nxd4 Nf6 5. Nc3 Be7 6. Bc4 O-O 7. O-O Nxe4 8. Nxe4 d5 9. Bd3 dxe4 10. Bxe4 Nd7 11. c3 Nf6 12. Bc2 c6 13. h3 Re8 14. Qf3 Qc7 (14... Bc5 $11) 15. Re1 $16 Bd7 16. Bf4 {[%emt 0:00:00] White is much more active.} Bd6 17. Bg5 Be5 {[%emt 0:00:00] [#]} (17... Nd5 $14) 18. Nf5 $2 (18. Qd3 $1 $18 {Threatens to win with Bxf6.} g6 19. Rxe5 Qxe5 20. Nf3) 18... Bxf5 19. Qxf5 {[%emt 0:00:00] And now Bxf6 would win.} g6 20. Qf3 Nd5 (20... Kg7 {is interesting.} 21. g3 Qa5 22. h4 Qd5) 21. Bb3 $36 {[%emt 0:00:00][%mdl 2048] White is more active.} Nf4 $2 {[%emt 0:00:00][%mdl 8192] [#]} (21... Bf4 $14 22. Bh4 h6) 22. Rxe5 $1 $18 Nxh3+ (22... Qxe5 23. Bxf4) 23. gxh3 {[%emt 0:00:00][%cal Of3f6] Intending Qf6! and mate.} Rxe5 24. Bf4 Rf5 25. Bxc7 {[%emt 0:00:00] A strong pair of Bishops.} Rxf3 26. Kg2 Rf5 27. Re1 {[%emt 0:00:00] Against Re8} Rg5+ 28. Bg3 h5 29. h4 Rf5 30. Re7 b6 31. Rc7 c5 32. Bc2 Rd5 (32... Rf6 {was called for.} 33. Ba4 Re6) 33. Be4 Rd6 {[%emt 0:03:30] Weighted Error Value: White=0.26 (precise) /Black=0.56.  Loses game:     	---       	Black=1      Missed win:     	White=1     	---        Mistake:       	---       	Black=3      Inaccurate:     	White=2     	Black=3      OK:         	White=9     	Black=5      Best:        	White=1     	Black=3      Brilliant:      	White=1     	---} 1-0

[Event "Romanian-ch Youth Girls U20 2024"]
[Site "Eforie Nord"]
[Date "2024.04.18"]
[Round "7.1"]
[White "Patru, Alexandra-Ioana"]
[Black "Obada, Ema"]
[Result "0-1"]
[ECO "A46"]
[WhiteElo "1838"]
[BlackElo "1992"]
[Annotator "TA"]
[PlyCount "96"]
[EventDate "2024.04.10"]
[EventType "swiss"]
[EventCountry "ROU"]
[SourceTitle "playchess.com"]
[Source "ChessBase"]
[SourceQuality "1"]
[TimeControl "5400+30"]

1. d4 Nf6 2. Nf3 e6 3. g3 d5 4. Bg2 b5 5. Nbd2 Bb7 6. O-O Be7 7. c3 a5 8. a4 {[%emt 0:01:01] White has an edge.} b4 9. Ne5 O-O 10. Nb3 Nbd7 11. Nd3 bxc3 12. bxc3 Ne4 13. Qc2 Nd6 14. Ndc5 Nxc5 15. Nxc5 Bc6 16. e4 Nxe4 17. Nxe4 dxe4 18. Bxe4 Bxe4 19. Qxe4 c5 20. Ba3 cxd4 21. Bxe7 Qxe7 22. cxd4 Rfd8 23. Rfb1 {[%emt 0:08:53] Against Qb4} Qd6 24. Rd1 Qb4 25. Qc6 Rac8 $1 26. Qb5 Rb8 27. Qc5 Rd5 (27... g6 $17 28. Rac1 Rd5 (28... Qxa4 29. Ra1 $15)) 28. Qc7 {[%emt 0:02:34] Black converts the advantage convincingly.} (28. Qxb4 $11 {remains equal.} Rxb4 29. Rab1) 28... Rbd8 (28... Rxd4 $2 {is the wrong capture.} 29. Rxd4 Qf8 30. Rad1 $18 (30. Qxa5 h6 $18)) 29. Qa7 (29. Qc2 $142) 29... h6 30. Qa6 (30. Qc7 $17 {was worth a try.}) 30... Rxd4 $19 31. Rdb1 Qc5 {[%emt 0:01:01] Black has more active pieces.} 32. Rc1 Qf5 33. Rc8 Kh7 $40 {[%emt 0:01:25][%mdl 128] Black wants a kill.} 34. Rxd8 Rxd8 {[%emt 0:00:04][%mdl 4096] Endgame. KQR-KQR} 35. Qb7 Rd2 36. Qb6 Qc2 {[%emt 0:02:27] [#] Strongly threatening ...Rd1+.} 37. Kg2 Qe4+ 38. Kg1 Qd4 39. Qb1+ (39. Qxd4 $19 Rxd4 40. Kh1) 39... f5 40. Qe1 {[%emt 0:00:16] [#]} Rxf2 $3 41. Qxf2 Qxa1+ {[%emt 0:00:06] KQ-KQ} 42. Kg2 Qxa4 {[%emt 0:00:08] ( -> ...Qe4+)} 43. h4 Qe4+ 44. Kh2 a4 45. Qf1 {[%emt 0:00:23] Dodges Qb1} a3 {[%emt 0:00:35] Black mates.} 46. Qa1 Qe2+ 47. Kh3 a2 48. Qc3 Qf1+ {[%emt 0:00:06] Weighted Error Value: White=0.54/Black=0.08 (flawless) .  Mistake:       	White=4     	Black=1      Inaccurate:     	White=1     	Black=1      OK:         	White=5     	Black=11     Best:        	White=2     	Black=3      Strong:       	---       	Black=1} 0-1

[Event "Romanian-ch Youth Girls U20 2024"]
[Site "Eforie Nord"]
[Date "2024.04.18"]
[Round "7.2"]
[White "Anghel, Maria"]
[Black "Trifoi, Mihaela-Ioana"]
[Result "0-1"]
[ECO "D35"]
[WhiteElo "1877"]
[BlackElo "2011"]
[Annotator "TA"]
[PlyCount "82"]
[EventDate "2024.04.10"]
[EventType "swiss"]
[EventCountry "ROU"]
[SourceTitle "playchess.com"]
[Source "ChessBase"]
[SourceQuality "1"]
[TimeControl "5400+30"]

1. d4 d5 2. c4 e6 3. Nc3 Nf6 4. cxd5 exd5 5. Bg5 Be7 6. e3 h6 7. Bh4 O-O 8. Bd3 Re8 9. Nge2 c6 10. f3 Ne4 11. Bxe7 $14 {[%emt 0:10:16] White is slightly better.} Nxc3 12. Bxd8 {[%emt 0:10:39] A strong pair of Bishops.} ({Much weaker is} 12. Nxc3 Qxe7 13. Qe2 Qxe3 $17) 12... Nxd1 13. Rxd1 Rxd8 14. b4 Nd7 15. Rc1 Nf6 16. a4 Bd7 17. Kf2 a6 18. a5 Re8 19. Nc3 Re7 20. Na4 Rd8 21. Nc5 Bc8 22. g4 Ne8 23. h4 Nd6 24. Rhg1 f5 25. g5 hxg5 26. Rxg5 Rde8 (26... f4 $14) 27. Rcg1 Kh8 28. Rg6 Nb5 (28... Rd8 $16 29. h5 f4) 29. Bxb5 $18 axb5 {[%emt 0:00:13] [#]} 30. a6 bxa6 $16 {[%emt 0:00:09] [#]} 31. Rxc6 $2 ({White has to play} 31. Nd3 $1 $18) 31... Rxe3 $11 32. Ne4 $2 f4 $19 33. Nc3 {[%emt 0:04:17] [#] Now White is beyond hope.} (33. Ng5 $17 {is a better defense.} Re2+ 34. Kf1) 33... a5 $1 34. Rc1 $2 ({Of course not} 34. bxa5 b4 35. Rc1 bxc3 $19 (35... Rxc3 $2 36. R1xc3 bxc3 37. Rxc3 $19)) (34. Rb1 Bf5 35. Rb2) 34... axb4 35. Nxd5 Re2+ 36. Kg1 Bb7 37. Rd6 b3 {[%emt 0:01:09] ( -> ...b2)} 38. Rc7 Bxd5 {[%emt 0:00:36] Black mates.} 39. Rxd5 b2 40. Rh5+ Kg8 41. Rxb5 Re1+ {[%emt 0:00:23] Weighted Error Value: White=0.83/Black=0.17 (very precise) .  Loses game:     	White=2     	---        Missed win:     	White=1     	---        Mistake:       	White=2     	Black=3      Inaccurate:     	White=5     	Black=5      OK:         	White=4     	Black=7      Best:        	White=4     	Black=4      Strong:       	---       	Black=1} 0-1